[Event "Late-Titled-Tuesday-Blitz-June-18-2024"]
[Site "Chess.com"]
[Date "2024.06.18"]
[Round "11"]
[White "Rawnsdale"]
[Black "cristiano78"]
[Result "1-0"]
[WhiteElo "2439"]
[BlackElo "2238"]
[TimeControl "180+1"]
[EndTime "16:02:25 PDT"]
[Termination "Rawnsdale won by checkmate"]

1. e4 c5 2. Nf3 d6 3. d4 cxd4 4. Nxd4 Nf6 5. Nc3 a6 6. Rg1 e5 7. Nb3 Nc6 8. g4 h6 9. h4 Be7 10. g5 hxg5 11. hxg5 Nd7 12. Be3 Nb6 13. g6 Be6 14.
Nd5 Bxd5 15. exd5 Nb8 16. gxf7+ Kxf7 17. Qf3+ Bf6 18. Bh3 Nc4 19. Be6+ Ke7 20. Rxg7+ Ke8 21. Rg8+ Rxg8 22. Qh5+ Ke7 23. Qf7# 1-0

[Event "Late-Titled-Tuesday-Blitz-June-18-2024"]
[Site "Chess.com"]
[Date "2024.06.18"]
[Round "11"]
[White "LoonsDeKoeben"]
[Black "tgpgoat"]
[Result "0-1"]
[WhiteElo "2406"]
[BlackElo "2514"]
[TimeControl "180+1"]
[EndTime "16:02:29 PDT"]
[Termination "tgpgoat won by resignation"]

1. Nf3 Nf6 2. c4 e6 3. Nc3 Be7 4. e4 O-O 5. e5 Ne8 6. d4 d6 7. Bd3 Nc6 8. Be3 f5 9. exf6 Nxf6 10.
h3 e5 11. dxe5 Nxe5 12. Nxe5 dxe5 13. O-O Be6 14. Qc2 Qe8 15. Ne4 Nxe4 16. Bxe4 Qh5 17. Bxb7 Rad8 18. Bd5 Bxd5 19. cxd5 Rxd5 20. Qxc7 Bd6 21.
Qc4 Qf7 22. Rfd1 Rxd1+ 23. Rxd1 Qxc4 24. Rxd6 Qxa2 0-1

[Event "Late-Titled-Tuesday-Blitz-June-18-2024"]
[Site "Chess.com"]
[Date "2024.06.18"]
[Round "11"]
[White "Hirna2005"]
[Black "Bugcrusher"]
[Result "1-0"]
[WhiteElo "2300"]
[BlackElo "2387"]
[TimeControl "180+1"]
[EndTime "16:02:41 PDT"]
[Termination "Hirna2005 won by resignation"]

1. e4 e6 2. d4 d5 3. e5 c5 4. c3 Nc6 5. Be3 Nge7 6. Nf3 Nf5 7. Bd3 cxd4 8. cxd4 Be7 9. O-O O-O 10. Nc3 Nxe3 11. fxe3 f6 12. exf6 Bxf6 13. Rc1 Bd7 14. Qe1 Be8 15. Qg3 Bh5 16. Qh3 Qe8 17. Nb5 Rd8 18. Nc7 Qf7 19. Nxe6 Rfe8 20. Nxd8 Rxd8 21. Bxh7+ Kxh7 22.
Ng5+ 1-0

[Event "Late-Titled-Tuesday-Blitz-June-18-2024"]
[Site "Chess.com"]
[Date "2024.06.18"]
[Round "11"]
[White "Lupul_Cenusiu"]
[Black "ALRS-SPS"]
[Result "1-0"]
[WhiteElo "2676"]
[BlackElo "2447"]
[TimeControl "180+1"]
[EndTime "16:02:50 PDT"]
[Termination "Lupul_Cenusiu won by resignation"]

1. e4 e5 2. Nf3 Nc6 3. d4 exd4 4. Nxd4 d6 5. Nc3 Nf6 6. Bg5 Be7 7. Qd2 O-O 8. O-O-O Nxd4 9. Qxd4 Be6 10. f3 c5 11.
Qd2 Qa5 12. Kb1 b5 13. Nd5 Qd8 14. Nxe7+ Qxe7 15. Qxd6 Rfd8 16. Qxe7 Rxd1+ 17. Bc1 Rad8 18. Bxb5 h6 19. Rxd1 Rxd1 20. Qxc5 1-0

[Event "Late-Titled-Tuesday-Blitz-June-18-2024"]
[Site "Chess.com"]
[Date "2024.06.18"]
[Round "11"]
[White "N_I_Chess"]
[Black "duone"]
[Result "0-1"]
[WhiteElo "2318"]
[BlackElo "2420"]
[TimeControl "180+1"]
[EndTime "16:02:57 PDT"]
[Termination "duone won by resignation"]

1. d4 Nf6 2. c4 d6 3. Nc3 e5 4. e3 Be6 5. b3 Be7 6. Bd3 c6 7. Nge2 Nbd7 8. O-O O-O 9. Qc2 d5 10. Bf5 e4 11. Ng3 Bd6 12. cxd5 cxd5 13. Bxe6 fxe6 14.
Qe2 Rc8 15. Bd2 a6 16. Rfc1 b5 17. Rc2 b4 18. Ncxe4 Nxe4 19. Rxc8 Nxg3 20. hxg3 Qxc8 21. Rc1 Qb7 22. Qg4 Re8 0-1

[Event "Late-Titled-Tuesday-Blitz-June-18-2024"]
[Site "Chess.com"]
[Date "2024.06.18"]
[Round "11"]
[White "nochewycandy"]
[Black "RZ0"]
[Result "0-1"]
[WhiteElo "2761"]
[BlackElo "2569"]
[TimeControl "180+1"]
[EndTime "16:03:09 PDT"]
[Termination "RZ0 won by resignation"]

1. d4 Nf6 2. Nc3 d5 3. Bf4 c5 4. e3 cxd4 5. exd4 a6 6. Nf3 Nc6 7. g3 Bg4 8. Bg2 e6 9. h3 Bxf3 10. Bxf3 Qb6 11. O-O Qxd4 12. Qe2 Be7 13. Rad1 Qb6 14.
g4 Nd4 15. Qd3 Nxf3+ 16. Qxf3 O-O 17. g5 Nd7 18. Rfe1 Bd6 19. b3 Bxf4 20. Qxf4 Rac8 21.
Na4 Qc7 22. Qxc7 Rxc7 23. c4 dxc4 24. bxc4 Rxc4 25. Rxd7 Rxa4 26. Rxb7 Rxa2 27. Rd1 Ra5 28. h4 Ra4 29. Rd6 Rxh4 30. Rxa6 Rg4+ 31. Kf1 Rxg5 32. Raa7 Rf5 33. Kg2 h5 34. f3 g5 35. Kg3 Kg7 36.
Re7 Kg6 37. Rec7 Rd8 38. Rc3 Rd2 39. Rc8 h4+ 0-1

[Event "Late-Titled-Tuesday-Blitz-June-18-2024"]
[Site "Chess.com"]
[Date "2024.06.18"]
[Round "11"]
[White "edgarhay012"]
[Black "Fandorine"]
[Result "1-0"]
[WhiteElo "2742"]
[BlackElo "2910"]
[TimeControl "180+1"]
[EndTime "16:03:39 PDT"]
[Termination "edgarhay012 won by resignation"]

1. e4 c5 2. Nc3 Nc6 3. Bb5 Nd4 4. Bc4 e6 5. Nge2 a6 6. a4 Nf6 7. O-O Nc6 8. d4 cxd4 9. Nxd4 Qc7 10. Nxc6 bxc6 11.
Qe2 e5 12. Be3 Be7 13. a5 O-O 14. Rfd1 d6 15. f3 Re8 16. Na4 c5 17. Nb6 Ra7 18.
Rd2 h6 19. c3 Bf8 20. b4 Bb7 21. Rad1 Kh7 22. Qf2 cxb4 23. cxb4 d5 24. Nxd5 Bxd5 25. Bxd5 Bxb4 26. Bxa7 Bxd2 27. Bb6 1-0

[Event "Late-Titled-Tuesday-Blitz-June-18-2024"]
[Site "Chess.com"]
[Date "2024.06.18"]
[Round "11"]
[White "DeTimmerman"]
[Black "dennisodessa"]
[Result "0-1"]
[WhiteElo "2746"]
[BlackElo "2643"]
[TimeControl "180+1"]
[EndTime "16:03:39 PDT"]
[Termination "dennisodessa won by resignation"]

1. e4 e6 2. Qe2 c5 3. g3 Nc6 4. c3 g6 5. Bg2 Bg7 6. f4 d6 7. Nf3 Nge7 8. O-O O-O 9. Na3 Rb8 10.
Nc2 e5 11. d3 b5 12. Ne3 b4 13. Bd2 f5 14. fxe5 Nxe5 15. Nxe5 Bxe5 16. Nc4 Bg7 17. Bf4 bxc3 18. bxc3 Bxc3 19. Bxd6 Bxa1 20. Rxa1 Ba6 21.
Bxb8 Qd4+ 0-1

[Event "Late-Titled-Tuesday-Blitz-June-18-2024"]
[Site "Chess.com"]
[Date "2024.06.18"]
[Round "11"]
[White "ToddBryant"]
[Black "Arteler"]
[Result "1-0"]
[WhiteElo "2384"]
[BlackElo "2229"]
[TimeControl "180+1"]
[EndTime "16:03:43 PDT"]
[Termination "ToddBryant won by checkmate"]

1. e4 e6 2. d4 d5 3. e5 c5 4. c3 Qb6 5. Nf3 Nc6 6. Bd3 Bd7 7. dxc5 Bxc5 8. O-O Nh6 9. b4 Be7 10. Bxh6 gxh6 11.
Qe2 O-O-O 12. a4 Rhg8 13. g3 h5 14. a5 Qc7 15. b5 Nb8 16. c4 b6 17. cxd5 exd5 18.
Nbd2 Bh3 19. Rfc1 Bc5 20. Nb3 Nd7 21. axb6 Qxb6 22. Nxc5 Nxc5 23. Ra6 Qc7 24. Rc6 Qxc6 25. bxc6 Nxd3 26. Qxd3 Bg4 27. Qa6+ Kc7 28. Qb7# 1-0

[Event "Late-Titled-Tuesday-Blitz-June-18-2024"]
[Site "Chess.com"]
[Date "2024.06.18"]
[Round "11"]
[White "Inepton_Fermion"]
[Black "hoshiboshi"]
[Result "1-0"]
[WhiteElo "2401"]
[BlackElo "2256"]
[TimeControl "180+1"]
[EndTime "16:03:54 PDT"]
[Termination "Inepton_Fermion won by resignation"]

1. Nf3 Nf6 2. b3 g6 3. Bb2 Bg7 4. g3 O-O 5. Bg2 d5 6. c4 c6 7. O-O b6 8. d4 Bb7 9. Nc3 Nbd7 10. Rc1 Re8 11. e3 Ne4 12. Nxe4 dxe4 13. Ng5 e5 14.
Nxe4 exd4 15. Nd6 Qc7 16. Nxe8 Rxe8 17. Bxd4 c5 18. Bxg7 Kxg7 19. Bxb7 Qxb7 20. Qd5 Qxd5 21. cxd5 Ne5 22. Rfd1 Kf6 23. h3 Ke7 24. f4 Nd7 25.
e4 f6 26. Kf2 Kd6 27. Kf3 b5 28. a4 a6 29. axb5 axb5 30. Ra1 c4 31. bxc4 bxc4 32. Ra6+ Kc5 33. Rc6+ Kb5 34. Rb1+ 1-0

[Event "Late-Titled-Tuesday-Blitz-June-18-2024"]
[Site "Chess.com"]
[Date "2024.06.18"]
[Round "11"]
[White "Eloist"]
[Black "rionelG"]
[Result "1-0"]
[WhiteElo "2461"]
[BlackElo "2357"]
[TimeControl "180+1"]
[EndTime "16:04:09 PDT"]
[Termination "Eloist won by resignation"]

1. e4 c5 2. Nf3 d6 3. Bb5+ Nd7 4. O-O a6 5. Bd3 Ngf6 6. Re1 b5 7. c4 g5 8. Nxg5 Ne5 9. Be2 bxc4 10. d4 cxd4 11.
Qxd4 h6 12. Nf3 Nfd7 13. Nxe5 Nxe5 14. f4 Bg7 15. fxe5 Bxe5 16. Qf2 Be6 17. Nc3 Rb8 18.
Bf4 Bf6 19. Rab1 Qa5 20. Qe3 Rxb2 21. Rxb2 Bxc3 22. Rb8+ Kd7 23. Qa7+ Qc7 24. Rb7 Bd4+ 25. Qxd4 Qxb7 26. Qxh8 1-0

[Event "Late-Titled-Tuesday-Blitz-June-18-2024"]
[Site "Chess.com"]
[Date "2024.06.18"]
[Round "11"]
[White "Commando_Droid"]
[Black "simaopdias"]
[Result "1-0"]
[WhiteElo "2699"]
[BlackElo "2195"]
[TimeControl "180+1"]
[EndTime "16:04:10 PDT"]
[Termination "Commando_Droid won by resignation"]

1. d4 Nf6 2. c4 e6 3. Nf3 b6 4. g3 Bb7 5. Bg2 Bb4+ 6. Bd2 Bxd2+ 7. Qxd2 d5 8. O-O dxc4 9. Na3 Nbd7 10. Nxc4 O-O 11.
Rac1 c5 12. Nd6 Bd5 13. b3 cxd4 14. Qxd4 Nc5 15. Nc4 Rc8 16. Ne3 Bb7 17. Rfd1 Qxd4 18. Nxd4 Rfd8 19. b4 Bxg2 20. Kxg2 Nce4 21. Nc6 Rxd1 22.
Ne7+ Kf8 23. Rxc8+ Kxe7 24. Nxd1 Nd5 25. Ra8 Nxb4 26.
Rxa7+ Ke8 27. Ne3 Nc3 28. a3 Nc6 29. Rc7 1-0

[Event "Late-Titled-Tuesday-Blitz-June-18-2024"]
[Site "Chess.com"]
[Date "2024.06.18"]
[Round "11"]
[White "xakevicius91"]
[Black "ReadySkate"]
[Result "0-1"]
[WhiteElo "2657"]
[BlackElo "2789"]
[TimeControl "180+1"]
[EndTime "16:04:12 PDT"]
[Termination "ReadySkate won by checkmate"]

1. e4 c5 2. Nf3 e6 3. b3 d5 4. Bb5+ Bd7 5. Bxd7+ Nxd7 6. exd5 exd5 7. O-O Ngf6 8. Re1+ Be7 9. d4 O-O 10. Bb2 cxd4 11.
Nxd4 Bc5 12. Nd2 Qb6 13. N2f3 Ne4 14. Qd3 Ndf6 15. h3 Rac8 16. c3 Rfe8 17. Re2 Nh5 18. g3 Qg6 19. Nh4 Qg5 20. Nhf3 Qh6 21. c4 Nhxg3 22.
fxg3 Nxg3 23. Rxe8+ Rxe8 24. Kg2 Nh5 25. Qf5 Nf4+ 26.
Kg3 Bd6 27. Kf2 Nxh3+ 28. Kf1 Nf4 29. Qg4 Qh1+ 30. Qg1 Qh3+ 31. Kf2 Nd3# 0-1

[Event "Late-Titled-Tuesday-Blitz-June-18-2024"]
[Site "Chess.com"]
[Date "2024.06.18"]
[Round "11"]
[White "Matalon"]
[Black "urano56"]
[Result "1-0"]
[WhiteElo "2490"]
[BlackElo "2402"]
[TimeControl "180+1"]
[EndTime "16:04:13 PDT"]
[Termination "Matalon won by resignation"]

1. e4 c5 2. Nf3 d6 3. d4 cxd4 4. Nxd4 Nf6 5. Nc3 a6 6. Bg5 Nbd7 7. f4 Qc7 8. Qf3 g6 9. O-O-O Bg7 10. g4 O-O 11. h4 b5 12. h5 Bb7 13. hxg6 fxg6 14. Ne6 Qa5 15. Nxf8 Rxf8 16. Kb1 b4 17.
Nd5 Nxd5 18. Bc4 e6 19. exd5 Nb6 20. Bb3 Bxd5 21. Bxd5 Nxd5 22. Qh3 Kf7 23. f5 exf5 24. Qb3 1-0

[Event "Late-Titled-Tuesday-Blitz-June-18-2024"]
[Site "Chess.com"]
[Date "2024.06.18"]
[Round "11"]
[White "PhileKhoob"]
[Black "campochess"]
[Result "0-1"]
[WhiteElo "2329"]
[BlackElo "2202"]
[TimeControl "180+1"]
[EndTime "16:04:16 PDT"]
[Termination "campochess won on time"]

1. Nf3 c5 2. g3 Nc6 3. d4 cxd4 4. Nxd4 Nf6 5. Bg2 g6 6. c4 Bg7 7. O-O O-O 8. Nc3 a6 9. b3 Ng4 10. e3 Qa5 11. Bb2 Nxd4 12. exd4 d6 13. Nd5 Qd8 14.
Re1 Re8 15. h3 Nh6 16. g4 Kh8 17. Qd2 Ng8 18. Re2 Rb8 19. Rae1 b5 20. Qc2 bxc4 21.
bxc4 Bb7 22. Bc3 Bxd5 23. Bxd5 e6 24. Bc6 Re7 25. d5 e5 0-1

[Event "Late-Titled-Tuesday-Blitz-June-18-2024"]
[Site "Chess.com"]
[Date "2024.06.18"]
[Round "11"]
[White "dianamirza"]
[Black "PNEPaul"]
[Result "1-0"]
[WhiteElo "1815"]
[BlackElo "1958"]
[TimeControl "180+1"]
[EndTime "16:04:25 PDT"]
[Termination "dianamirza won by resignation"]

1. b4 d5 2. Bb2 e5 3. Bxe5 Nc6 4. Bb2 Nxb4 5. e3 Nf6 6. Bb5+ Nc6 7. Ne2 Bd7 8. O-O Bd6 9. c4 dxc4 10. Bxc4 O-O 11. Nbc3 Bxh2+ 12. Kxh2 Ng4+ 13. Kg3 Qg5 14. f4 Qc5 15. Bb3 Rad8 16. Ne4 Qe7 17. Ng5 h6 18. Nf3 Kh8 19. Qc2 f5 20. Nh4 Kh7 21.
Nd4 g6 22. Rh1 Nxe3 23. dxe3 Qxe3+ 24. Nhf3 g5 25. fxg5 Rg8 26. Rxh6+ 1-0

[Event "Late-Titled-Tuesday-Blitz-June-18-2024"]
[Site "Chess.com"]
[Date "2024.06.18"]
[Round "11"]
[White "GHANDEEVAM2003"]
[Black "GoltsevDmitry2000"]
[Result "1-0"]
[WhiteElo "2981"]
[BlackElo "2732"]
[TimeControl "180+1"]
[EndTime "16:04:35 PDT"]
[Termination "GHANDEEVAM2003 won on time"]

1. e4 e6 2. Nf3 d5 3. Nc3 Nf6 4. e5 Nfd7 5. d4 c5 6. dxc5 Bxc5 7. Bf4 Qb6 8. Qd2 Bxf2+ 9. Qxf2 Qxb2 10. Nb5 Qxa1+ 11. Kd2 O-O 12. Qh4 f5 13. Ng5 h6 14.
Nxe6 Rf7 15. Nd6 Nxe5 16. Qd8+ Kh7 17. Qxc8 g5 18. Bxe5 Qxe5 19. Nxf7 Qxe6 20. Qxe6 1-0

[Event "Late-Titled-Tuesday-Blitz-June-18-2024"]
[Site "Chess.com"]
[Date "2024.06.18"]
[Round "11"]
[White "rikchessmx"]
[Black "marszach123"]
[Result "1-0"]
[WhiteElo "2314"]
[BlackElo "1916"]
[TimeControl "180+1"]
[EndTime "16:04:44 PDT"]
[Termination "rikchessmx won by checkmate"]

1. e4 e5 2. Nf3 Nc6 3. Bb5 Nf6 4. O-O d6 5. Re1 Bg4 6. c3 a6 7. Ba4 b5 8. Bc2 Be7 9. h3 Bh5 10. a4 O-O 11. Na3 b4 12. Nc4 bxc3 13. bxc3 Qd7 14. d3 d5 15. Ncxe5 Nxe5 16. Nxe5 Bxd1 17. Nxd7 Bxc2 18. Nxf8 Kxf8 19. e5 Nd7 20. d4 c5 21. Be3 c4 22. f4 g6 23. Rec1 Bd3 24. g4 Rb8 25. Ra2 f5 26. Kg2 Kg7 27. Kg3 fxg4 28. hxg4 Rb3 29. a5 Bd8 30. Rh2 Nb8 31.
Rch1 Bxa5 32. Rxh7+ Kf8 33. Rh8+ Ke7 34. R1h7+ Ke6 35. Re8# 1-0

[Event "Late-Titled-Tuesday-Blitz-June-18-2024"]
[Site "Chess.com"]
[Date "2024.06.18"]
[Round "11"]
[White "Beaterawn"]
[Black "Tolya2"]
[Result "1/2-1/2"]
[WhiteElo "2387"]
[BlackElo "2468"]
[TimeControl "180+1"]
[EndTime "16:04:48 PDT"]
[Termination "Game drawn by repetition"]

1. e4 c5 2. Nf3 d6 3. d4 cxd4 4.
Nxd4 Nf6 5. Nc3 a6 6. f4 e6 7. a4 Nc6 8. Be3 h5 9. h3 Bd7 10. Be2 h4 11. Bf3 Qc7 12. O-O Nxd4 13. Qxd4 Bc6 14. a5 Be7 15. e5 dxe5 16. fxe5 Nd7 17.
Bxc6 Qxc6 18. Qf4 O-O 19. Rad1 Nc5 20. g3 Rad8 21. Rxd8 Bxd8 22. gxh4 Bxa5 23. Rf2 Bb6 24. Rg2 Nd7 25. Bxb6 Qxb6+ 26. Kh1 Qxb2 27. Qh6 g6 28. Rxg6+ fxg6 29. Qxg6+ Kh8 30. Qh6+ Kg8 31. Qg6+ Kh8 32. Qh6+ Kg8 33. Qg6+ 1/2-1/2

[Event "Late-Titled-Tuesday-Blitz-June-18-2024"]
[Site "Chess.com"]
[Date "2024.06.18"]
[Round "11"]
[White "Tunahan_Makaraci"]
[Black "Flawless_Fighter"]
[Result "0-1"]
[WhiteElo "2629"]
[BlackElo "2791"]
[TimeControl "180+1"]
[EndTime "16:04:53 PDT"]
[Termination "Flawless_Fighter won by checkmate"]

1. e4 e5 2. Nc3 Nf6 3. f4 d5 4.
fxe5 Nxe4 5. Qf3 Nc6 6. Bb5 Nxc3 7. dxc3 Qh4+ 8. g3 Qe4+ 9. Qxe4 dxe4 10. Ne2 Bd7 11.
Bxc6 Bxc6 12. Rf1 Rd8 13. Nd4 Bd5 14. Be3 a6 15. a3 g6 16. O-O-O Be7 17. Bh6 c5 18.
Ne2 Bc4 19. Rxd8+ Bxd8 20. Re1 Rg8 21. Nf4 g5 22. Rxe4 gxf4 23. Rxc4 fxg3 24. hxg3 Rxg3 25. Rxc5 Rh3 26. Bf4 h5 27. Rc8 Kd7 28. Rb8 h4 29. Rxb7+ Ke6 30. Rb8 Bc7 31. Rh8 Kf5 32. Rh7 Kxf4 33. Rxf7+ Ke3 34. Rxc7 Rh1# 0-1

[Event "Late-Titled-Tuesday-Blitz-June-18-2024"]
[Site "Chess.com"]
[Date "2024.06.18"]
[Round "11"]
[White "Boudicca64"]
[Black "OIAM03"]
[Result "1-0"]
[WhiteElo "1923"]
[BlackElo "2002"]
[TimeControl "180+1"]
[EndTime "16:04:59 PDT"]
[Termination "Boudicca64 won on time"]

1. e4 c5 2. g3 d5 3. exd5 Qxd5 4. Nf3 Nf6 5. Bg2 Nc6 6. O-O Qd8 7. h3 Bf5 8. d3 e6 9. Re1 Bd6 10. Nc3 O-O 11. Ne4 Be7 12. Qe2 Bg6 13. Bd2 Rc8 14. c3 Qd7 15. Rad1 Rfd8 16. Bc1 Nd5 17. Nh2 Qc7 18.
h4 1-0

[Event "Late-Titled-Tuesday-Blitz-June-18-2024"]
[Site "Chess.com"]
[Date "2024.06.18"]
[Round "11"]
[White "ArmanGhevondyanchess"]
[Black "AlexeiShirov"]
[Result "0-1"]
[WhiteElo "2613"]
[BlackElo "2874"]
[TimeControl "180+1"]
[EndTime "16:05:07 PDT"]
[Termination "AlexeiShirov won by resignation"]

1. Nf3 d5 2. d4 Nf6 3. g3 c5 4. Bg2 cxd4 5. O-O h6 6. b3 e6 7.
Bb2 Bc5 8. Nxd4 e5 9. Nf3 e4 10. Nd4 e3 11. fxe3 Qe7 12. Bc1 Nc6 13. Nc3 O-O 14.
Na4 Bd6 15. c3 Ng4 16. Bxd5 Nxh2 17. Nf5 Bxf5 18. Rxf5 Bxg3 19. Kg2 Bc7 20. e4 Qh4 21. Be3 Qg3+ 22. Kh1 Qxe3 23. Qg1 Qh3 24. Qg2 Qh4 25. Kg1 Ng4 26. Raf1 Bh2+ 0-1

[Event "Late-Titled-Tuesday-Blitz-June-18-2024"]
[Site "Chess.com"]
[Date "2024.06.18"]
[Round "11"]
[White "Oleksandr_Bortnyk"]
[Black "ZverevLev"]
[Result "1-0"]
[WhiteElo "3061"]
[BlackElo "2776"]
[TimeControl "180+1"]
[EndTime "16:05:08 PDT"]
[Termination "Oleksandr_Bortnyk won by resignation"]

1. e4 e5 2. Bc4 Nf6 3. d3 Bc5 4. Nc3 d6 5. Bg5 Be6 6. Nf3 O-O 7. O-O Nbd7 8. Bxe6 fxe6 9. d4 exd4 10. Nxd4 Qe8 11. h3 Ne5 12. Kh1 h6 13. Bxf6 Rxf6 14. f4 Nc4 15. Qe2 Bxd4 16. Qxc4 Bb6 17. e5 dxe5 18. fxe5 Rxf1+ 19. Rxf1 Qe7 20. Ne2 Rf8 21. Rxf8+ Qxf8 22. Qxe6+ Kh8 23. Qg4 Qf2 24. Qf3 Qe1+ 25. Kh2 Bd4 26. Qf8+ Kh7 27. Qf5+ g6 28. Qf7+ Kh8 29. Qf6+ 1-0

[Event "Late-Titled-Tuesday-Blitz-June-18-2024"]
[Site "Chess.com"]
[Date "2024.06.18"]
[Round "11"]
[White "GM_dmitrij"]
[Black "rdarruda"]
[Result "1-0"]
[WhiteElo "2999"]
[BlackElo "2566"]
[TimeControl "180+1"]
[EndTime "16:05:09 PDT"]
[Termination "GM_dmitrij won by resignation"]

1. Nc3 d5 2. d4 Nf6 3. Bf4 Bf5 4. e3 c6 5. f3 Nbd7 6. g4 Bg6 7. h4 h6 8. Bd3 Bxd3 9. Qxd3 e6 10. O-O-O Bb4 11.
Nge2 Qa5 12. g5 Nh5 13. Bh2 c5 14. Qb5 Bxc3 15. Nxc3 Qxb5 16. Nxb5 O-O 17. dxc5 Nxc5 18. Bd6 Rfc8 19. Nc7 Rab8 20. Bxc5 Rxc7 21. Bd6 Rbc8 22.
Bxc7 Rxc7 23. Rhg1 hxg5 24. hxg5 g6 25. Rd4 Kg7 26. Kd2 Rc5 27. b4 Rc7 28. Kd3 Kf8 29.
c4 dxc4+ 30. Rxc4 Rd7+ 31. Rd4 Rc7 32. a4 Ke7 33. Rc4 Rd7+ 34. Rd4 Rc7 35. Rgg4 Rc1 36. Rc4 Rd1+ 37. Ke2 Rd7 38. Rgd4 Ng3+ 39. Kd3 Nf5 40.
Rxd7+ Kxd7 41. e4 Nd6 42. Rc1 e5 43. Rc5 1-0

[Event "Late-Titled-Tuesday-Blitz-June-18-2024"]
[Site "Chess.com"]
[Date "2024.06.18"]
[Round "11"]
[White "tactic"]
[Black "scandalgod"]
[Result "0-1"]
[WhiteElo "2735"]
[BlackElo "2640"]
[TimeControl "180+1"]
[EndTime "16:05:12 PDT"]
[Termination "scandalgod won by resignation"]

1. e4 e5 2. Nf3 Nc6 3. Bc4 Nf6 4. Ng5 d5 5. exd5 Na5 6. Bb5+ c6 7. dxc6 bxc6 8. Bd3 Nd5 9. Nf3 Bd6 10. O-O Nf4 11.
Re1 Nxd3 12. cxd3 O-O 13. b3 Re8 14. Bb2 f6 15. Nc3 c5 16. Ne4 Nc6 17. a3 Bf8 18.
Rc1 Qd5 19. Qc2 Nd4 20. Nxd4 cxd4 21. Nc5 Bf5 22. b4 a5 23. Qc4 Qxc4 24. Rxc4 axb4 25. axb4 Ra2 26. g4 Bg6 27. Bc1 Rc8 28. f4 Bf7 29. fxe5 Bxc4 30. dxc4 Bxc5 31. bxc5 Rxc5 32. e6 Re5 33.
Rxe5 fxe5 34. Kf2 Kf8 35. Kf3 Ke7 36. Ke4 Kxe6 37. h3 Rc2 38. Bb2 Rxb2 0-1

[Event "Late-Titled-Tuesday-Blitz-June-18-2024"]
[Site "Chess.com"]
[Date "2024.06.18"]
[Round "11"]
[White "bob1263"]
[Black "Kavyev_Ruslan"]
[Result "0-1"]
[WhiteElo "2518"]
[BlackElo "2409"]
[TimeControl "180+1"]
[EndTime "16:05:16 PDT"]
[Termination "Kavyev_Ruslan won on time"]

1. d4 Nf6 2. c4 e6 3. Nc3 d5 4. cxd5 exd5 5. Bg5 c6 6. e3 Bd6 7. Bd3 Nbd7 8. Qc2 O-O 9. Bxh7+ Kh8 10. Bd3 Qe8 11.
Nf3 b6 12. O-O Bb7 13. Rfe1 c5 14. Bf5 Ne4 15. dxc5 Ndxc5 16. Bh4 g6 17. Bxe4 dxe4 18. Bf6+ Kg8 19. Nd4 Be5 20. Bxe5 Qxe5 21. Qe2 Kg7 22. Red1 Rh8 23. h3 Rh4 24. b4 Nd3 25. Na4 Rah8 26.
Nb2 Qg5 27. Kh2 Bc8 28. f4 Rxh3+ 0-1

[Event "Late-Titled-Tuesday-Blitz-June-18-2024"]
[Site "Chess.com"]
[Date "2024.06.18"]
[Round "11"]
[White "Bryanl106"]
[Black "OverallStranger"]
[Result "1-0"]
[WhiteElo "2752"]
[BlackElo "2434"]
[TimeControl "180+1"]
[EndTime "16:05:21 PDT"]
[Termination "Bryanl106 won by resignation"]

1. e4 c5 2. Nf3 Nc6 3. d4 cxd4 4. Nxd4 g6 5. Be3 Nf6 6. Nc3 Bg7 7. Bc4 O-O 8. Bb3 Re8 9. O-O d6 10. h3 Na5 11. Qd3 a6 12. Rfe1 b5 13. Rad1 Bb7 14.
Bd5 Nxd5 15. Nxd5 Nc4 16. Bc1 Nb6 17. Nf3 Rc8 18. c3 Nd7 19. Bg5 h6 20. Bh4 Nc5 21. Qe2 Ne6 22. Bg3 Qa5 23. a3 Nc7 24. h4 Nxd5 25. exd5 Qa4 26. h5 g5 27. Nd4 Bxd5 28. Nf5 Bc4 29. Nxe7+ Kf8 30. Qd2 Bb3 31.
Nxc8 Bxd1 32. Qxd6+ Kg8 33. Rxe8+ Kh7 34. Qd3+ 1-0

[Event "Late-Titled-Tuesday-Blitz-June-18-2024"]
[Site "Chess.com"]
[Date "2024.06.18"]
[Round "11"]
[White "WilsonPalencia21"]
[Black "nindjaxx8"]
[Result "0-1"]
[WhiteElo "2604"]
[BlackElo "2729"]
[TimeControl "180+1"]
[EndTime "16:05:26 PDT"]
[Termination "nindjaxx8 won on time"]

1. d4 d5 2. c4 e6 3. Nf3 Nf6 4. Nc3 Be7 5. Bg5 O-O 6. e3 b6 7. cxd5 Nxd5 8. Bxe7 Nxe7 9. Qc2 Bb7 10. Bd3 h6 11.
O-O-O Nd7 12. h4 a5 13. Be4 Bxe4 14. Nxe4 Nd5 15. Kb1 Nb4 16. Qe2 Qe7 17. Rc1 Rfc8 18. a3 Nd5 19. Ng3 b5 20. e4 Nf4 21. Qd2 Ng6 22.
h5 Ngf8 23. Rc6 b4 24. a4 b3 25. Rhc1 Nb6 26. Qc3 Nxa4 27. Qxb3 Nxb2 28. Ka2 Rab8 29.
Qa3 Rb4 30. R1c4 Rcb8 31. Rxb4 Rxb4 32. Qc3 Na4 33. Qd3 Rb2+ 34. Ka1 Qb4 35. Rc4 Ra2+ 0-1

[Event "Late-Titled-Tuesday-Blitz-June-18-2024"]
[Site "Chess.com"]
[Date "2024.06.18"]
[Round "11"]
[White "Rutricks"]
[Black "Dhaydon19"]
[Result "1-0"]
[WhiteElo "2826"]
[BlackElo "2665"]
[TimeControl "180+1"]
[EndTime "16:05:27 PDT"]
[Termination "Rutricks won by resignation"]

1. c4 e5 2. Nc3 Nf6 3. g3 Bc5 4.
Bg2 d6 5. e3 Nc6 6. Nge2 O-O 7.
a3 a5 8. d4 exd4 9. exd4 Ba7 10. h3 h6 11. Be3 Bf5 12. g4 Bg6 13. Qd2 Re8 14. O-O Ne4 15. Nxe4 Bxe4 16. Ng3 Bxg2 17. Kxg2 Qf6 18. Rad1 a4 19. Rfe1 Qg6 20. f4 d5 21.
f5 Qd6 22. c5 Qf8 23. f6 b6 24.
Nf5 Re4 25. fxg7 Qd8 26. Ng3 Re6 27. Bxh6 bxc5 28. Rxe6 fxe6 29. Rf1 Qe7 30. Rf8+ Rxf8 31. gxf8=Q+ Qxf8 32. Bxf8 Kxf8 33. Qf4+ Ke8 34. Qxc7 1-0

[Event "Late-Titled-Tuesday-Blitz-June-18-2024"]
[Site "Chess.com"]
[Date "2024.06.18"]
[Round "11"]
[White "Rhinos1"]
[Black "Casper"]
[Result "0-1"]
[WhiteElo "2044"]
[BlackElo "2494"]
[TimeControl "180+1"]
[EndTime "16:05:32 PDT"]
[Termination "Casper won by checkmate"]

1. e4 c6 2. d3 d5 3. Nd2 a5 4.
Ngf3 g6 5. g3 Bg7 6. c3 a4 7.
Bg2 a3 8. O-O Nd7 9. Qc2 axb2 10. Bxb2 Nc5 11. d4 Na4 12. e5 Bf5 13. Qb3 b5 14.
Nh4 Bd3 15. Rfe1 e6 16. Re3 g5 17. Rxd3 gxh4 18. Nf3 hxg3 19. hxg3 h5 20. Bc1 Bh6 21.
Ba3 Nb6 22. Bc5 Na4 23. Bd6 Ne7 24. Nh4 Bg5 25. Qd1 Bxh4 26. gxh4 Nb2 27. Qf3 Nxd3 28. Qxd3 Nf5 29. Bc5 Rg8 30. a4 Qxh4 31. a5 Qg4 32. Qf1 Nh4 33. f3 Qxg2+ 34. Qxg2 Rxg2+ 35. Kh1 Rc2 36. a6 Nxf3 37. a7 Rh2# 0-1

[Event "Late-Titled-Tuesday-Blitz-June-18-2024"]
[Site "Chess.com"]
[Date "2024.06.18"]
[Round "11"]
[White "yaguigor"]
[Black "unbreakablepawn35"]
[Result "1-0"]
[WhiteElo "2626"]
[BlackElo "2434"]
[TimeControl "180+1"]
[EndTime "16:05:33 PDT"]
[Termination "yaguigor won by resignation"]

1. d4 Nf6 2. c4 g6 3. Nc3 d5 4. Nf3 Bg7 5. Bg5 c6 6. e3 O-O 7. Qb3 dxc4 8. Bxc4 e6 9. O-O Nbd7 10. Ne5 Qc7 11.
f4 Nd5 12. Bxd5 exd5 13. Rac1 Qd6 14. Bh4 f6 15. Nd3 Kh8 16. f5 Nb6 17. fxg6 hxg6 18. Bg3 Qe7 19. Rce1 Bf5 20. Nc5 Rae8 21. e4 dxe4 22.
N3xe4 Bxe4 23. Rxe4 Qxe4 24. Nxe4 Rxe4 25. Bd6 Rfe8 26.
Bc5 f5 27. a4 Bxd4+ 28. Bxd4+ Rxd4 29. a5 Nd5 30. Qxb7 Re2 31. Qb8+ Kh7 32. Qxa7+ Kh6 33. Qxd4 1-0